 Dungeon Crawl Stone Soup version 0.30-a0-140-gd1020e658a (webtiles) character file.

Game seed: 9273513332948384228

259 rageheart7 the Magician (level 5, -3/42 HPs)
             Began as a Deep Elf Conjurer on Sept 24, 2022.
             Slain by Edmund
             ... wielding a +5 vorpal dire flail
              (13 damage)
             ... on level 4 of the Dungeon.
             The game lasted 00:06:59 (2847 turns).

rageheart7 the Magician (Deep Elf Conjurer)         Turns: 2847, Time: 00:07:00

Health: -3/42      AC: 22    Str:  4    XL:     5   Next: 95%
Magic:  7/16       EV:  2    Int: 25    God:
Gold:   176        SH:  0    Dex: 13    Spells: 11/18 levels left

rFire   . . .      SeeInvis .    m - +2 spear (freeze)
rCold   . . .      Faith    .    (no shield)
rNeg    . . .      Spirit   .    (body armour currently unavailable)
rPois   +          Reflect  .    (helmet currently unavailable)
rElec   .          Harm     .    (cloak currently unavailable)
rCorr   .          Rampage  .    (gloves currently unavailable)
Will    .....      NoTele   +    (boots currently unavailable)
Stlth   ++........               (no amulet)
HPRegen 0.14/turn                (no ring)
MPRegen 0.15/turn                (no ring)

@: tree-form
A: stationary, stasis, torment immunity, boosted hp
a: no special abilities


You were on level 4 of the Dungeon.
You were a tree.
You visited 1 branch of the dungeon, and saw 4 of its levels.

You collected 176 gold pieces.

Inventory:

Hand Weapons
 h - a +0 quarterstaff
 m - a +2 spear of freezing (weapon)
Armour
 a - a +0 robe (melded)
 e - a +0 pair of gloves (melded)
 i - a +0 pair of boots (melded)
 j - a +0 cloak (melded)
Wands
 c - a wand of flame (17)
 d - a wand of digging (6)
Scrolls
 g - a scroll of magic mapping {unknown}
 k - a scroll of torment {unknown}
 n - a scroll of fear {unknown}
 o - a scroll of butterflies {unknown}
 q - 3 scrolls of amnesia
 r - a scroll of immolation {unknown}
Potions
 b - a potion of magic


   Skills:
 + Level 0.2 Fighting
 - Level 2.4 Dodging
 - Level 2.4 Stealth
 * Level 7.0 Spellcasting
 + Level 5.8 Conjurations


You had 11 spell levels left.
You knew the following spells:

 Your Spells              Type           Power      Damage    Failure   Level
a - Magic Dart            Conj           100%       1d8       1%          1
b - Searing Ray           Conj           74%        2d7       1%          2
c - Iskenderun's Mystic   Conj/Tloc      23%        2d6       21%         4

Your spell library contained the following spells:

 Spells                   Type           Power      Damage    Failure   Level
 Dazzling Flash           Conj/Hex       46%        N/A       6%          3
 Fulminant Prism          Conj/Hex       11%        3d9       21%         4


Dungeon Overview and Level Annotations

Branches:
Dungeon (4/15)
 Temple: D:4-7

Altars:

Shops:
D:1 ?   D:2 ?   D:3 :

Annotations:
D:4 Edmund


Message History

Edmund is moderately wounded.
You finish channelling your searing ray.
Edmund hits you with a +5 vorpal dire flail.
Casting: Searing Ray (safe; 1% risk of failure)
Confirm with . or Enter, or press ? or * to list all spells.
Aiming: Searing Ray (safe; 1% risk of failure)
Press: ? - help, Shift-Dir - straight line, f/p - Edmund
Aim: Edmund, wielding a +5 vorpal dire flail and wearing a +0 scale mail (moderately wounded, 83% to hit)
The searing ray hits Edmund but does no damage.
Edmund is moderately wounded. (Press . to maintain the ray.) Edmund misses you.
The searing ray hits Edmund!
Edmund is heavily wounded.
Edmund hits you with a +5 vorpal dire flail!
* * * LOW HITPOINT WARNING * * *
x2 Unknown command.
Okay, then.
You feel better.
Edmund hits you with a +5 vorpal dire flail!
* * * LOW HITPOINT WARNING * * *
x2 Really quaff the potion of lignification?
You turn into a tree.
Your +0 cloak melds into your body.
Your +0 pair of gloves melds into your body.
Your +0 pair of boots melds into your body.
Your +0 robe melds into your body.
Your roots penetrate the ground.
Edmund asks, "Have you met my wondrous brother?"
Edmund hits you but does no damage.
You feel better.
Edmund hits you with a +5 vorpal dire flail.
* * * LOW HITPOINT WARNING * * *
x2
Casting: Searing Ray (safe; 1% risk of failure)
Confirm with . or Enter, or press ? or * to list all spells.
Aiming: Searing Ray (safe; 1% risk of failure)
Press: ? - help, Shift-Dir - straight line, f/p - Edmund
Aim: Edmund, wielding a +5 vorpal dire flail and wearing a +0 scale mail (heavily wounded, 83% to hit)
The searing ray misses Edmund. (Press . to maintain the ray.) Edmund hits you with a +5 vorpal dire flail!
You die...

### ##.##
##.#.##
###########
####.###.##
#.........#
#..(##
##.###.#######.#
#...#
##........###.#
#...##
##.###.........#
##.#.###.##
#####.#####
#....#.##
#.♣.....#
.....#...##
#@###.#.#
#######.## #.
#.#.# #.# #.
#.#.# #.# #.
#...# ##+#
#.####..#
##...##
#.......#
###.....##
######.##
........##
##.##.#


You could see Edmund.

Vanquished Creatures
  Sigmund (D:2)
  4 adders
  2 worms
  3 dart slugs
  An orc (D:3)
  3 bats
  2 endoplasms
  5 giant cockroaches
  6 goblins
  7 hobgoblins
  5 kobolds
  6 quokkas
  5 ball pythons
  7 rats
57 creatures vanquished.

Notes
Turn   | Place    | Note
-------+----------+-------------------------------------------
     0 | D:1      | rageheart7 the Deep Elf Conjurer began the quest for the
                  | Orb.
     0 | D:1      | Reached XP level 1. HP: 10/10 MP: 6/6
   148 | D:1      | Reached XP level 2. HP: 15/15 MP: 4/8
   349 | D:1      | Found a faded altar of an unknown god.
   429 | D:1      | Reached skill level 4 in Spellcasting
   865 | D:1      | Found Vorruqou's Magic Scroll Emporium.
   964 | D:2      | Reached XP level 3. HP: 19/19 MP: 8/10
  1109 | D:1      | Learned a level 2 spell: Searing Ray
  1250 | D:2      | Reached skill level 5 in Spellcasting
  1257 | D:2      | Reached skill level 5 in Conjurations
  1404 | D:2      | Found Ecre's Magic Scroll Shoppe.
  1487 | D:2      | Noticed Sigmund
  1492 | D:2      | Killed Sigmund
  1493 | D:2      | Reached skill level 6 in Spellcasting
  1493 | D:2      | Reached XP level 4. HP: 16/24 MP: 5/14
  1493 | D:2      | Reached XP level 5. HP: 19/28 MP: 5/16
  2367 | D:3      | Reached skill level 7 in Spellcasting
  2409 | D:3      | Found Uhunu's Book Emporium.
  2696 | D:4      | Learned a level 4 spell: Iskenderun's Mystic Blast
  2837 | D:4      | Noticed Edmund
  2847 | D:4      | Slain by Edmund

Illustrated notes

Levels and vault maps discovered:
D:1:      giann_bridges, layout_loops_ring, ebering_ecumenical_altar_rust,
          serial_shops, nicolae_lakefront_shop
D:2:      layout_rooms, serial_shops, nicolae_shop_trees, uniq_sigmund
D:3:      layout_loops_ring, serial_shops, shop_statue, minmay_joined_circles
D:4:      minmay_clustersquares, layout_loops_corners, uniq_edmund

Skill      XL: |  1  2  3  4  5 |
---------------+----------------+-----
Spellcasting   | 4 6 7 |  7.0
Conjurations   | 5 |  5.8
Fighting       | |  0.2
Dodging        | |  2.4
Stealth        | |  2.4

Action                   |  1- 3 |  4- 6 || total
-------------------------+-------+-------++-------
Melee: Dagger            |    12 |       ||    12
       Spear             |       |     9 ||     9
 Cast: Magic Dart        |    67 |    33 ||   100
       Searing Ray       |     3 |     5 ||     8
  Use: Scroll            |     1 |     3 ||     4
       Potion            |       |     3 ||     3
Armor: Robe              |     5 |     5 ||    10
       Skin              |       |     1 ||     1
Dodge: Dodged            |    16 |    12 ||    28

Table legend: (Time is in decaauts)
 A = Elapsed time spent in this place.
 B = Non-inter-level travel time spent in this place.
 C = Inter-level travel time spent in this place.
 D = Time resting spent in this place.
 E = Time spent auto-exploring this place.
 F = Levels seen in this place.
 G = Mean time per level.
                   A        B        C        D        E       F      G
               +--------+--------+--------+--------+--------+-----+--------+
         Total |   2846 |   2702 |    144 |    136 |   2159 |   4 |  711.5 |
       Dungeon |   2846 |   2702 |    144 |    136 |   2159 |   4 |  711.5 |
               +--------+--------+--------+--------+--------+-----+--------+

Top non-repeatable levels by time:
     D:1: 1106 daAuts
     D:3: 944 daAuts
     D:2: 660 daAuts
     D:4: 135 daAuts
